 Dungeon Crawl Stone Soup version 0.23.2-40-g277498a (webtiles) character file.

Game seed: 13041073581792024801

149 BoppinsLewinski the Slasher (level 5, -3/46 HPs)
             Began as a Draconian Monk on Sept 3, 2019.
             Was a Follower of Okawaru.
             Slain by a gnoll
             ... wielding a +0 club
              (8 damage)
             ... on level 4 of the Dungeon.
             The game lasted 00:06:08 (2809 turns).

BoppinsLewinski the Slasher (Draconian Monk)        Turns: 2809, Time: 00:06:08

Health: -3/46      AC:  5    Str: 13 (14) XL:     5   Next: 9%
Magic:  5/5        EV: 19    Int:  9 (10) God:    Okawaru [*.....]
Gold:   152        SH:  0    Dex: 20 (21) Spells: 4/4 levels left

rFire    . . .     SeeInvis .   a - +0 falchion
rCold    + . .     Gourm    .   (no shield)
rNeg     . . .     Faith    .   (armour unavailable)
rPois    .         Spirit   .   (helmet restricted)
rElec    .         Reflect  .   (no cloak)
rCorr    .         Harm     .   (no gloves)
MR       .....                  (no boots)
Stlth    +++.......             (no amulet)
HPRegen  0.15/turn              o - ring of protection from cold
MPRegen  0.09/turn              (no ring)

@: agile
A: unfitting armour, agile 1, blurry vision 1, cold-blooded, AC +5
a: Heroism, Renounce Religion


You were on level 4 of the Dungeon.
You worshipped Okawaru.
Okawaru was aware of your devotion.
You were not hungry.

You visited 1 branch of the dungeon, and saw 4 of its levels.

You collected 152 gold pieces.

Inventory:

Hand Weapons
 a - a +0 falchion (weapon)
Jewellery
 o - a ring of protection from cold (left hand)
Scrolls
 c - a scroll of enchant armour {unknown}
 d - a scroll of fog {unknown}
 e - a scroll of enchant weapon {unknown}
 f - a scroll of random uselessness {unknown}
 h - 2 scrolls of noise {unknown}
 j - 2 scrolls of magic mapping {unknown}
 l - a scroll of teleportation {unknown}
Potions
 q - a potion of haste {unknown}
Comestibles
 b - 2 rations


   Skills:
 + Level 4.2 Fighting
 * Level 4.6 Long Blades
 + Level 3.5 Dodging
 - Level 1.7 Stealth


You had 4 spell levels left.
You didn't know any spells.
Your spell library was empty.

Dungeon Overview and Level Annotations

Branches:
Dungeon (4/15)
 Temple: D:4-7

Altars:
Gozag
Okawaru
Sif Muna
Trog

Annotations:
D:2 1 runed translucent door, Crazy Yiuf
D:3 2 transporters, worthlessgem's ghost, weakling DEAM


Innate Abilities, Weirdness & Mutations

Your plain brown scales are hard. (AC +5)
You cannot fit into any form of body armour.
You are cold-blooded and may be slowed by cold attacks.
You are agile. (Dex +2)
Scrolls take you a little longer to read.


Message History

You feel magically purged.
You feel less wooden. The gnoll closely misses you. x2
It was a potion of mutation.
You feel extremely strange.
Your vision blurs.
You feel agile. The gnoll misses you. The gnoll hits you with a +0 club!
* * * LOW HITPOINT WARNING * * *
It was a potion of agility.
You feel agile all of a sudden. The gnoll hits you with a +0 club.
* * * LOW HITPOINT WARNING * * *
The gnoll closely misses you.
It was a potion of magic.
Magic courses through your body. The gnoll hits you with a +0 club.
* * * LOW HITPOINT WARNING * * *
The gnoll misses you.
You barely miss the gnoll.
The gnoll is severely wounded.
The gnoll hits you with a +0 club!
You die...

#. #.## ##.#### #..## #
###...).#########...####
.......................'
##...#.#########...####
##......# #..## #
#.##.#.# ####.##### #
#.#.# #........# #@# #
#.##.###.## #g#
#>####≈#'#≈ #g#
#.#.##_..._ .g.
#.#.####### #.#
#.......# #.# ###.#####
..# #.# ### #.#######
#........


You could see 3 gnolls.

Vanquished Creatures
  A crimson imp (D:2)
  5 adders
  A worm (D:2)
  2 dart slugs (D:1)
  2 leopard geckos
  5 orcs (D:3)
  A ball python (D:3)
  4 giant cockroaches
  7 goblins
  9 hobgoblins
  9 kobolds
  2 quokkas (D:2)
  4 bats
  5 rats
57 creatures vanquished.

Notes
Turn   | Place    | Note
-------+----------+-------------------------------------------
     0 | D:1      | BoppinsLewinski the Draconian Monk began the quest for the
                  | Orb.
     0 | D:1      | Reached XP level 1. HP: 19/19 MP: 1/1
    91 | D:1      | Reached XP level 2. HP: 26/26 MP: 2/2
   483 | D:1      | Reached XP level 3. HP: 23/31 MP: 3/3
   659 | D:2      | Found an opulent altar of Gozag.
   735 | D:2      | Found a runed translucent door.
   736 | D:2      | Noticed Crazy Yiuf
   791 | D:2      | Found an iron altar of Okawaru.
   841 | D:2      | Became a worshipper of Warmaster Okawaru
   841 | D:2      | Reached * piety under Okawaru
   841 | D:2      | Reached ** piety under Okawaru
   941 | D:2      | Reached XP level 4. HP: 11/40 MP: 4/4
  1202 | D:2      | Found a faded altar of an unknown god.
  1979 | D:3      | Found a transporter.
  1980 | D:3      | Noticed worthlessgem's ghost (weakling DEAM)
  2001 | D:3      | Found a transporter.
  2251 | D:3      | Reached XP level 5. HP: 36/46 MP: 5/5
  2774 | D:4      | Found a deep blue altar of Sif Muna.
  2774 | D:4      | Found a bloodstained altar of Trog.
  2806 | D:4      | Gained mutation: Scrolls take you a little longer to read.
                  | [potion of mutation]
  2806 | D:4      | Gained mutation: You are agile. (Dex +2) [potion of
                  | mutation]
  2809 | D:4      | Slain by a gnoll

Skill      XL: |  1  2  3  4 |
---------------+-------------+-----
Dodging        | 3 |  3.5
Long Blades    | 4 |  4.6
Fighting       | 4 |  4.2
Stealth        | |  1.7

Action                   |  1- 3 |  4- 6 || total
-------------------------+-------+-------++-------
Melee: Falchion          |   110 |    77 ||   187
       Tailslap          |     8 |    11 ||    19
Invok: Heroism           |     1 |     1 ||     2
  Use: Potion            |     1 |     8 ||     9
 Stab: Sleeping          |     4 |     5 ||     9
  Eat: Chunk             |       |     4 ||     4
       Ration            |       |     1 ||     1
Armor: Skin              |    32 |    19 ||    51
Dodge: Dodged            |    72 |    51 ||   123
       Rpst.: Falchion   |    26 |     8 ||    34
